 Dungeon Crawl Stone Soup version 0.30.1-11-g7821555f0a (webtiles) character file.

Game seed: 7528904243274065834

7691 Scypho the Severer (level 11, -5/112 HPs)
             Began as a Minotaur Fighter on Dec 2, 2023.
             Was a Believer of Makhleb.
             Slain by a purple ugly thing (13 damage)
             ... on level 10 of the Dungeon.
             The game lasted 00:18:03 (7734 turns).

Scypho the Severer (Minotaur Fighter)               Turns: 7734, Time: 00:18:04

Health: -5/112     AC: 25    Str: 25    XL:     11   Next: 0%
Magic:  17/17      EV:  2    Int: 10    God:    Makhleb [**....]
Gold:   249        SH:  5    Dex: 15    Spells: 10/10 levels left

rFire   . . .        x - +1 war axe (elec)
rCold   . . .        c - +0 buckler
rNeg    . . .        b - melded +0 scale mail
rPois   +            m - melded +2 hat {SInv}
rElec   .            F - melded scarf of Wohilo {rC+ rF+, rCorr Int+3}
rCorr   .            o - melded +0 pair of gloves
SInv    .            (boots currently unavailable)
Will    .....        C - amulet of regeneration
Stlth   +            L - +6 ring of strength
HPRegen 1.18/turn    (no ring)
MPRegen 0.15/turn

%: no passive effects
@: mighty, tree-form
A: stationary, stasis, torment immunity, boosted hp, (horns 2), (retaliatory
headbutt), agile 1, clever 1, frail 1, subdued magic 1, MP-powered wands
a: Renounce Religion, Minor Destruction


You were on level 10 of the Dungeon.
You worshipped Makhleb.
Makhleb was pleased with you.
You were a tree.
You visited 2 branches of the dungeon, and saw 11 of its levels.

You collected 436 gold pieces.
You spent 187 gold pieces at shops.

Inventory:

Hand Weapons
 i - a +3 war axe of flaming
 x - a +1 war axe of electrocution (weapon)
Missiles
 l - a throwing net (quivered)
Armour
 a - a +0 pair of boots
 b - a +0 scale mail (melded)
 c - a +0 buckler (worn)
 h - a +2 cloak
 m - a +2 hat of see invisible (melded)
 o - a +0 pair of gloves (melded)
 F - the scarf of Wohilo (melded) {rC+ rF+, rCorr Int+3}
   (You found it on level 7 of the Dungeon)

   Int:       It affects your intelligence (+3).
   rCorr:     It protects you from acid and corrosion.
Jewellery
 k - a ring of positive energy
 y - a ring of fire
 C - an amulet of regeneration (around neck)
 G - a ring of protection from fire
 L - a +6 ring of strength (left branch)
 N - a ring of ice
Wands
 d - a wand of digging (3)
 t - a wand of quicksilver (10)
 D - a wand of roots (10)
 H - a wand of paralysis (12)
Scrolls
 f - a scroll of poison
 g - 2 scrolls of magic mapping
 j - a scroll of silence
 n - 2 scrolls of immolation
 r - 3 scrolls of vulnerability
 s - 2 scrolls of fear {unknown}
 u - a scroll of fog {unknown}
 v - 3 scrolls of amnesia
 z - a scroll of butterflies {unknown}
 A - 2 scrolls of torment {unknown}
 J - a scroll of teleportation
 M - a scroll of brand weapon
Potions
 p - 3 potions of flight
 B - a potion of resistance
 E - a potion of brilliance
 K - 2 potions of might


   Skills:
 * Level 4.1 Fighting
 - Level 16.0 Axes
 - Level 3.9 Armour
 - Level 4.0 Shields
 - Level 10.0 Invocations


You had 10 spell levels left.
You didn't know any spells.
Your spell library contained the following spells:

 Spells                   Type           Power      Damage    Failure   Level
 Freeze                   Ice            0%         1d3       36%         1
 Slow                     Hex            0%         N/A       36%         1
 Confusing Touch          Hex            0%         N/A       77%         3
 Frozen Ramparts          Ice            0%         1d1       77%         3
 Hailstorm                Conj/Ice       0%         3d3       77%         3
 Stone Arrow              Conj/Erth      0%         3d7       77%         3
 Summon Guardian Golem    Hex/Summ       0%         N/A       77%         3
 Vampiric Draining        Necr           0%         2d6       77%         3
 Animate Armour           Summ/Erth      0%         N/A       99%         4
 Passage of Golubria      Tloc           0%         N/A       99%         4
 Silence                  Hex/Air        0%         N/A       100%        5
 Orb of Destruction       Conj           0%         9d5       100%        7
 Spellforged Servitor     Conj/Summ      0%         N/A       100%        7
 Lehudib's Crystal Spear  Conj/Erth      0%         10d2      100%        8


Dungeon Overview and Level Annotations

Branches:
Dungeon (10/15)            Temple (1/1) D:6
   Lair: D:8-11         Orc: D:9-12

Altars:
Ashenzari
Cheibriados
Dithmenos
Elyvilon
Fedhas
Gozag
Hepliaklqana
Kikubaaqudgha
Makhleb
Nemelex Xobeh
Qazlal
Ru
Sif Muna
Trog
Uskayaw
Vehumet
Wu Jian
Xom
Yredelemnul
Zin
The Shining One

Shops:
D:8 ?:

Annotations:
D:5 1 runed translucent door, Crazy Yiuf
D:7 exclusion: statue


Innate Abilities, Weirdness & Mutations

You are a tree.
Your roots penetrate the ground, keeping you stationary.
You cannot be teleported.
You are immune to unholy pain and torment.
Your maximum health is greatly increased.
Your equipment is partially melded.
((You have a pair of horns on your head.))
((You reflexively headbutt those who attack you in melee.))
You are agile. (Dex +4, Str/Int -1)
Your mind is acute. (Int +4, Str/Dex -1)
You are frail. (-10% HP)
Your spells are a little easier to cast, but a little less powerful.
You expend magic power (3 MP) to strengthen your wands.


Message History

The purple ugly thing tentacle-slaps you but does no damage.
You hit the purple ugly thing but do no damage.
Lightning courses through the purple ugly thing!
You barely miss the purple ugly thing.
The purple ugly thing tentacle-slaps you!
* * * LOW HITPOINT WARNING * * *
You closely miss the purple ugly thing.
Your headbutt misses the purple ugly thing.
The purple ugly thing tentacle-slaps you but does no damage.
You hit the purple ugly thing. You closely miss the purple ugly thing.
The purple ugly thing barely misses you.
You furiously retaliate!
You headbutt the purple ugly thing. You slash the purple ugly thing!
The purple ugly thing tentacle-slaps you but does no damage.
You slash the purple ugly thing!
The purple ugly thing tentacle-slaps you!
* * * LOW HITPOINT WARNING * * *
The purple ugly thing attacks as you move away!
The purple ugly thing tentacle-slaps you!
* * * LOW HITPOINT WARNING * * *
Okay, then.
It was a potion of lignification.
You turn into a tree.
The scarf of Wohilo {rC+ rF+, rCorr Int+3} melds into your body.
Your +2 hat of see invisible melds into your body.
Your +0 pair of gloves melds into your body.
Your +0 scale mail melds into your body.
You feel hot and cold all over.
You feel less perceptive.
Your roots penetrate the ground.
The purple ugly thing barely misses you.
You feel very mighty all of a sudden.
The wyvern bites you but does no damage.
The purple ugly thing tentacle-slaps you but does no damage.
You completely miss the purple ugly thing.
You hit the wyvern.
The wyvern bites you but does no damage.
You closely miss the purple ugly thing. You slash the wyvern!
Lightning courses through the wyvern! You hit the wraith but do no damage.
The purple ugly thing tentacle-slaps you!
You die...

###.. #....## #.....#
.#.....
####........#......
......?...............
#....................
#....##.......)....
#..W.##...........
##)u♣.............
#.#l.............. .W
#.............# ...
#..##..)))..# ..#
#...:...<..## #
#...............
#................
..............###
..........#.....#


You could see a purple ugly thing, a wraith and a wyvern.

Vanquished Creatures
  Gastronok (D:8)
  An ogre mage (D:10)
  A skeletal warrior (D:9)
  Pikel (D:4)
  Grinder (D:4)
  Prince Ribbit (D:5)
  A wyvern (D:7)
  9 yaks
  Eustachio (D:6)
  Grum (D:8)
  A sky beast (D:8)
  2 orc warriors
  An ice beast (D:6)
  A black bear (D:6)
  3 ogres (D:6)
  A phantom (D:7)
  4 wolves (D:8)
  Blork the orc (D:5)
  6 bullfrogs
  2 kobold brigands (D:8)
  A scorpion (D:6)
  6 wights (D:9)
  5 killer bees
  4 hounds
  4 orc priests
  A jelly (D:6)
  A gnoll bouda (D:8)
  An iguana (D:6)
  5 orc wizards
  12 adders
  6 gnolls
  2 white imps
  A worm (D:5)
  3 dart slugs
  19 orcs
  11 endoplasms
  5 giant cockroaches
  6 hobgoblins
  4 jackals (D:3)
  16 kobolds
  2 quokkas
  4 ball pythons
  3 bats (D:1)
  4 frilled lizards
  3 goblins
  A rat (D:3)
170 creatures vanquished.

Notes
Turn   | Place    | Note
-------+----------+-------------------------------------------
     0 | D:1      | Scypho the Minotaur Fighter began the quest for the Orb.
     0 | D:1      | Reached XP level 1. HP: 19/19 MP: 0/0
   203 | D:1      | Reached XP level 2. HP: 27/27 MP: 1/1
   701 | D:2      | Reached skill level 3 in Axes
   822 | D:2      | Reached XP level 3. HP: 33/33 MP: 2/2
   829 | D:2      | Reached skill level 4 in Axes
  1021 | D:2      | Reached XP level 4. HP: 40/40 MP: 3/3
  1157 | D:2      | Found a faded altar of an unknown god.
  1365 | D:2      | You fall into a shaft and drop 1 floor!
  1604 | D:3      | Reached skill level 5 in Axes
  1688 | D:3      | Identified the +7 dagger "With Two Names" {spect, rElec rC+
                  | Will+ Dex-5}
  1717 | D:3      | Reached XP level 5. HP: 46/46 MP: 4/4
  1803 | D:3      | Reached skill level 6 in Axes
  2143 | D:4      | Found a sacrificial altar of Ru.
  2227 | D:4      | Noticed Grinder
  2254 | D:4      | Killed Grinder
  2255 | D:4      | Reached skill level 8 in Axes
  2255 | D:4      | Reached XP level 6. HP: 52/52 MP: 5/5
  2339 | D:4      | Noticed Pikel
  2362 | D:4      | Killed Pikel
  2363 | D:4      | Reached skill level 10 in Axes
  2363 | D:4      | Reached XP level 7. HP: 22/59 MP: 6/6
  2917 | D:5      | Entered Level 5 of the Dungeon
  3219 | D:5      | Noticed Blork the orc
  3225 | D:5      | Killed Blork the orc
  3226 | D:5      | Reached skill level 11 in Axes
  3226 | D:5      | Reached XP level 8. HP: 47/66 MP: 7/7
  3441 | D:5      | Reached skill level 12 in Axes
  3675 | D:5      | Noticed Prince Ribbit
  3706 | D:5      | Killed Prince Ribbit
  3707 | D:5      | Reached skill level 13 in Axes
  3921 | D:5      | Found a runed translucent door.
  3922 | D:5      | Noticed Crazy Yiuf
  4548 | D:6      | Reached XP level 9. HP: 53/71 MP: 8/8
  4673 | D:6      | Noticed Eustachio
  4680 | D:6      | Killed Eustachio
  4681 | D:6      | Reached skill level 14 in Axes
  4917 | D:6      | Found an ornate altar of the Wu Jian Council.
  4943 | D:6      | Found a hide-covered altar of Uskayaw.
  5089 | D:6      | Found a staircase to the Ecumenical Temple.
  5095 | Temple   | Entered the Ecumenical Temple
  5131 | Temple   | Became a worshipper of Makhleb the Destroyer
  5234 | D:6      | Found an ancient bone altar of Kikubaaqudgha.
  5597 | D:7      | Reached skill level 15 in Axes
  5694 | D:7      | Identified the scarf of Wohilo {rC+ rF+, rCorr Int+3}
  5774 | D:7      | Found a radiant altar of Vehumet.
  6235 | D:7      | Found a shadowy altar of Dithmenos.
  6235 | D:7      | Found a blossoming altar of Fedhas.
  6245 | D:7      | Found a glowing golden altar of the Shining One.
  6247 | D:7      | Found a sparkling altar of Nemelex Xobeh.
  6249 | D:7      | Found a glowing silver altar of Zin.
  6540 | D:8      | Found a white marble altar of Elyvilon.
  6543 | D:8      | Identified the +1 robe "Osiddixze" {Rampage rF+ Dex-3}
  6632 | D:8      | Reached skill level 16 in Axes
  6633 | D:8      | Reached skill level 1 in Invocations
  6672 | D:8      | Found Fuojoghe's Magic Scroll Shoppe.
  6680 | D:8      | Bought a scroll of teleportation for 45 gold pieces
  6680 | D:8      | Bought a scroll of brand weapon for 142 gold pieces
  6725 | D:8      | Noticed Grum
  6733 | D:8      | Killed Grum
  6744 | D:8      | Reached XP level 10. HP: 23/78 MP: 10/12
  7092 | D:8      | Noticed Gastronok
  7116 | D:8      | Gained mutation: You occasionally lose the ability to drink
                  | potions when taking damage. [potion of mutation]
  7116 | D:8      | Gained mutation: Your spells are a little easier to cast,
                  | but a little less powerful. [potion of mutation]
  7116 | D:8      | Gained mutation: You are partially covered in iridescent
                  | scales. (AC +2) [potion of mutation]
  7121 | D:8      | Killed Gastronok
  7121 | D:8      | Reached * piety under Makhleb
  7129 | D:8      | Lost mutation: You are partially covered in iridescent
                  | scales. (AC +2) [potion of mutation]
  7129 | D:8      | Lost mutation: You occasionally lose the ability to drink
                  | potions when taking damage. [potion of mutation]
  7129 | D:8      | Gained mutation: You are frail. (-10% HP) [potion of
                  | mutation]
  7129 | D:8      | Gained mutation: Your mind is acute. (Int +4, Str/Dex -1)
                  | [potion of mutation]
  7129 | D:8      | Gained mutation: You are agile. (Dex +4, Str/Int -1)
                  | [potion of mutation]
  7129 | D:8      | Gained mutation: You expend magic power (3 MP) to
                  | strengthen your wands. [potion of mutation]
  7186 | D:8      | Found Zumick's Book Shop.
  7205 | D:8      | Identified the +2 cloak of Livyduaf {rElec SInv}
  7405 | D:9      | Noticed a skeletal warrior
  7417 | D:9      | Killed a skeletal warrior
  7417 | D:9      | Noticed a skeletal warrior
  7419 | D:9      | Noticed a skeletal warrior
  7420 | D:9      | Noticed a skeletal warrior
  7645 | D:9      | Noticed a skeletal warrior
  7695 | D:10     | Entered Level 10 of the Dungeon
  7703 | D:10     | Reached ** piety under Makhleb
  7714 | D:10     | Noticed an ogre mage
  7714 | D:10     | Noticed a purple ugly thing
  7718 | D:10     | Killed an ogre mage
  7719 | D:10     | Reached skill level 10 in Invocations
  7722 | D:10     | Reached XP level 11. HP: 29/75 MP: 17/17
  7730 | D:10     | HP: 1/75 [purple ugly thing (10)]
  7734 | D:10     | Slain by a purple ugly thing

Illustrated notes

Levels and vault maps discovered:
D:1:      dpeg_arrival_simpleton_c, layout_loops_ring
D:2:      layout_loops_ring, basic_ecumenical_altar
D:3:      layout_rooms
D:4:      layout_basic, nicolae_overflow_crystal_walls, nrook_mini_vaults,
          hangedman_abyss_or_decor_stagger, uniq_pikel, uniq_grinder
D:5:      layout_layer_cave, uniq_crazy_yiuf_cottage, uniq_prince_ribbit1,
          uniq_blork_the_orc
D:6:      layout_loops_cross, kennysheep_little_box,
          mainiacjoe_overflow_brackets, marbit_many_paths,
          minmay_temple_entry_hall, uniq_eustachio
D:7:      layout_loops_ring, vehumet_statue, chequers_temple_overflow_minitemple
D:8:      layout_loops_ring, elyvilon_altar_5, serial_shops, nicolae_shop_trees,
          shop, uniq_grum, uniq_gastronok
D:9:      layout_rooms, okawaru_gym_becter, lair_entry_dummy
D:10:     layout_cave_pools, nicolae_trove_entry_columns, gammafunk_ghost_hive,
          minmay_ruined_shrine
Temple:   chequers_temple_sunken

Skill      XL: |  1  2  3  4  5  6  7  8  9 10 |
---------------+-------------------------------+-----
Fighting       | 4 |  4.1
Shields        | 4 |  4.0
Axes           | 3 4 5 8 10 11 13 16 | 16.0
Invocations    | 4 10 | 10.0
Armour         | |  3.9

Action                     |  1- 3 |  4- 6 |  7- 9 | 10-12 || total
---------------------------+-------+-------+-------+-------++-------
  Melee: War axe           |    55 |    75 |   193 |   111 ||   434
         Headbutt          |     7 |    17 |    34 |    19 ||    77
    Use: Scroll            |     1 |     1 |     6 |     5 ||    13
         Potion            |       |       |     2 |    13 ||    15
 Armour: Scale mail        |    25 |    27 |    51 |    18 ||   121
         Skin              |       |       |       |     3 ||     3
  Dodge: Dodged            |    21 |    35 |    55 |    17 ||   128
  Block: Buckler           |     9 |    11 |    35 |     9 ||    64
